[Event "Mistrovství Čech mládeže 2023 - HD12"]
[Site "Harrachov, Czech Republic"]
[Date "2023.10.25"]
[Round "6.4"]
[White "Janoušková, Eliška"]
[Black "Trejbal, Jindřich"]
[Result "1/2-1/2"]
[TimeControl "90m + 30s"]
[WhiteElo "1385"]
[BlackElo "1329"]

1. e4 c5 2. Nf3 Nc6 3. b3 e6 4. Bb2 b6 5. d3 Nf6 6. g3 Be7 7. Bg2 O-O 8. c4 Bb7 9. O-O h6 10.
Nc3 Rc8 11. Qd2 Qc7 12. Nb5 Qb8 13. Rfe1 Rcd8 14. d4 cxd4 15. Nbxd4 Rfe8 16. a3 Bc5 17. b4 Nxd4 18. Nxd4 Bxd4 19.
Bxd4 d5 20. Bxf6 gxf6 21. exd5 exd5 22. cxd5 Re5 23. Rxe5 Qxe5 24. Rd1 Qg5 25. Qd3 Rd6 26. Qc4 Qe5 27. Qd3 1/2-1/2

[Event "Mistrovství Čech mládeže 2023 - HD12"]
[Site "Harrachov, Czech Republic"]
[Date "2023.10.25"]
[Round "6.5"]
[White "Lutskiy, Mikhail"]
[Black "Fadrný, Jáchym"]
[Result "1-0"]
[TimeControl "90m + 30s"]
[WhiteElo "1353"]
[BlackElo "1365"]

1. e4 c6 2. d4 d5 3. Nc3 dxe4 4. Nxe4 Nd7 5. Bg5 h6 6. Nd6+ exd6 7. Bxd8 Kxd8 8. Nf3 Ngf6 9. Bd3 g5 10.
h3 Bg7 11. c3 Re8+ 12. Be2 Nd5 13. g3 b6 14. Qc2 Bb7 15. O-O-O N7f6 16. Bd3 Rc8 17. Bf5 Rc7 18. Rhe1 Rf8 19.
Kb1 Ne7 20. Bd3 Bc8 21. h4 g4 22. Nd2 d5 23. Re2 Nh5 24. Rde1 f5 25. Qb3 f4 26. Qa3 Bf6 27. gxf4 c5 28.
dxc5 bxc5 29. Qa5 Rf7 30. Qa4 Bd7 31. Bb5 Bxb5 32. Qxb5 Nxf4 33. Re6 Nxe6 34. Rxe6 Bg7 35. Rd6+ Kc8 36.
Qe8+ Kb7 37. Qxf7 Nc8 38. Qxd5+ 1-0

[Event "Mistrovství Čech mládeže 2023 - HD12"]
[Site "Harrachov, Czech Republic"]
[Date "2023.10.25"]
[Round "6.6"]
[White "Honcharov, Makar"]
[Black "Křivka, Lukáš"]
[Result "1-0"]
[TimeControl "90m + 30s"]
[WhiteElo "1872"]
[BlackElo "1386"]

1. e4 c6 2. d4 d5 3. e5 Bf5 4. Nf3 e6 5. Be2 c5 6. Be3 Qb6 7. Nc3 Nd7 8. O-O a6 9. dxc5 Bxc5 10. Na4 Qc7 11. Nxc5 Nxc5 12. Qd4 Rc8 13. Qh4 Ne7 14. g4 Ng6 15. Qg3 Be4 16. Bd4 Bxf3 17. Bxf3 Nd7 18. Rfe1 Qc4 19.
c3 Qc7 20. h4 Ne7 21. c4 Nc6 22. Bc3 dxc4 23. Rad1 Rd8 24. g5 Ne7 25. Be4 b5 26. h5 g6 27. h6 a5 28. a3 a4 29.
Bb4 Qxe5 30. Qxe5 Nxe5 31. Rxd8+ Kxd8 32. Bc3 Nd3 33. Bxd3 Re8 34. Be4 Kc7 35. Bf6 Kb6 36. Kg2 Kc7 37.
Rd1 Nc6 38. f4 Rc8 39. Kf3 Kb6 40. Rd7 Rc7 41. Bxc6 Kxc6 42. Rd8 Rd7 43. Rh8 Rd3+ 44. Ke4 Rh3 45. Rxh7 Kd6 46. Rxf7 Rh1 47.
h7 Re1+ 48. Kf3 Rh1 49. h8=Q Rxh8 50. Bxh8 1-0

[Event "Mistrovství Čech mládeže 2023 - HD12"]
[Site "Harrachov, Czech Republic"]
[Date "2023.10.25"]
[Round "6.7"]
[White "Gernert, Tomáš"]
[Black "Koupil, Štěpán"]
[Result "1-0"]
[TimeControl "90m + 30s"]
[WhiteElo "1389"]
[BlackElo "1467"]

1. c4 Nf6 2. Nc3 e6 3. g3 d5 4. b3 Be7 5. Bg2 O-O 6. e3 b6 7. Nge2 Bb7 8. O-O c5 9. f4 Nbd7 10. f5 Ne5 11. Nf4 Qd7 12.
d4 Neg4 13. cxd5 Nxd5 14. Ncxd5 exd5 15. Qxg4 cxd4 16. Bb2 Ba6 17. Bxd4 f6 18. Bxd5+ Kh8 19. Bxa8 Bxf1 20. Ne6 1-0

[Event "Mistrovství Čech mládeže 2023 - HD12"]
[Site "Harrachov, Czech Republic"]
[Date "2023.10.25"]
[Round "6.8"]
[White "Černý, Rodan"]
[Black "Kroulík, Štěpán"]
[Result "1-0"]
[TimeControl "90m + 30s"]
[WhiteElo "1383"]
[BlackElo "1454"]

1. e4 c5 2. Nf3 e6 3. d4 cxd4 4. Nxd4 a6 5. a4 Nc6 6. g3 Qc7 7. Be3 Nf6 8. Bg2 Be7 9. O-O O-O 10.
Nc3 d6 11. Nxc6 bxc6 12. a5 d5 13. Bb6 Qd7 14. Qe2 Qb7 15. Rfd1 Bd8 16. Bc5 Be7 17. Bb6 Re8 18. Rab1 Nd7 19.
exd5 Nxb6 20. dxc6 Qc7 21. axb6 Qxb6 22. b4 Rb8 23. b5 axb5 24. Rxb5 Qc7 25. Rxb8 Qxb8 26. Rb1 Qa7 27. Nb5 Qa2 28.
Nc3 Qa7 29. Qb5 Rd8 30. Qb8 Qxb8 31. Rxb8 Ba6 32. c7 Rc8 33. Nb5 Bc5 34. Bb7 Bxb7 35. Rxb7 Kf8 36. Rb8 1-0

[Event "Mistrovství Čech mládeže 2023 - HD12"]
[Site "Harrachov, Czech Republic"]
[Date "2023.10.25"]
[Round "6.9"]
[White "Kubát, Jonáš"]
[Black "Mrázik, Marek"]
[Result "1/2-1/2"]
[TimeControl "90m + 30s"]
[WhiteElo "1423"]
[BlackElo "1159"]

1. e4 e6 2. d4 c5 3. d5 exd5 4.
exd5 d6 5. c4 Nf6 6. Bg5 Be7 7. Bf4 Bf5 8. Nc3 O-O 9. Nf3 Na6 10. Bd3 Bxd3 11. Qxd3 Nb4 12. Qd2 Re8 13. O-O Qd7 14.
a3 Na6 15. Rae1 Bf8 16. Nb5 Nc7 17. Nxc7 Qxc7 18. Qc2 Qd7 19. Nd2 Re7 20. Ne4 Nxe4 21. Rxe4 Rxe4 22. Qxe4 Re8 23. Qd3 Qg4 24.
Qg3 Qxg3 25. fxg3 Re2 26. b4 b6 27. bxc5 bxc5 28. Rb1 Re8 29. Rb7 Re7 30. Rb8 Rd7 31. Kf2 f6 32. h4 Kf7 33.
Kf3 g6 34. g4 Ke7 35. g5 f5 36. g4 fxg4+ 37. Kxg4 Rd8 38. Rxd8 Kxd8 39. h5 Kc7 40. hxg6 hxg6 41. Kf3 a6 42.
Ke2 Kb7 43. Bd2 Be7 44. a4 Bd8 45. Bf4 Kc7 46. Kf3 a5 1/2-1/2

[Event "Mistrovství Čech mládeže 2023 - HD12"]
[Site "Harrachov, Czech Republic"]
[Date "2023.10.25"]
[Round "6.10"]
[White "Kolář, Edvard"]
[Black "Ta, Xuan Nguyen"]
[Result "1-0"]
[TimeControl "90m + 30s"]
[WhiteElo "1473"]
[BlackElo "1252"]

1. e4 c6 2. d4 d5 3. Nc3 e6 4.
Be3 Ne7 5. g3 dxe4 6. Nxe4 Qd5 7. Bg2 Qa5+ 8. c3 Nf5 9.
Nh3 Be7 10. O-O Nd7 11. a3 h5 12. c4 Nf6 13. Nxf6+ Bxf6 14. Nf4 h4 15. g4 Ne7 16. Ne2 Bd7 17. c5 Nd5 18. Nf4 g5 19.
Nxd5 cxd5 20. h3 Qc7 21. Re1 Bc6 22. Rb1 Qd7 23. Qd2 Rg8 24. b4 a6 25. Rb2 Rc8 26. Reb1 Bb5 27. Qd1 Ba4 28.
Qf3 Be7 29. Bf1 f6 30. b5 axb5 31. Bxb5 Bxb5 32. Rxb5 Rc7 33. Bd2 Rc8 34. Rxb7 Qa4 35. Rxe7+ Kxe7 36. Rb7+ Ke8 37. Qxf6 1-0

[Event "Mistrovství Čech mládeže 2023 - HD12"]
[Site "Harrachov, Czech Republic"]
[Date "2023.10.25"]
[Round "6.11"]
[White "Zeman, Jonáš"]
[Black "Frantsev, Iegor"]
[Result "0-1"]
[TimeControl "90m + 30s"]
[WhiteElo "1216"]
[BlackElo "1397"]

1. e4 c6 2. Nf3 d5 3. Nc3 Bg4 4. h3 Bxf3 5. Qxf3 e6 6. d3 Bd6 7. Bd2 Nd7 8. g4 Ne5 9. Qg2 h6 10.
f4 Qh4+ 11. Ke2 Ng6 12. e5 Bc7 13. Re1 O-O-O 14. Kd1 Re8 15. Kc1 f6 16. d4 Nxf4 17. Qf3 fxe5 18. dxe5 Rf8 19. Bd3 Nxd3+ 20. Qxd3 Ne7 21. Rhf1 Kb8 22. Rf3 Nc8 23. Qe2 Qe7 24. Ref1 Rxf3 25. Rxf3 Rf8 26. Rxf8 Qxf8 27. Qe3 Qf1+ 28. Nd1 Bb6 29. Qg3 Bc7 30. h4 Nb6 31. g5 h5 32.
Bf4 Nc4 33. g6 Nxb2 34. Kxb2 Qxd1 35.
Qg5 Qd4+ 36. Kc1 Qa1+ 37. Kd2 Ba5+ 38. Ke2 Qe1+ 39. Kf3 Qd1+ 40. Kg2 Qxc2+ 41. Kh1 Qd1+ 42. Kh2 Qc2+ 43. Kh1 Qe4+ 44.
Kh2 d4 45. Kh3 Qh1+ 46. Bh2 Qf3+ 47. Bg3 Qh1+ 48. Bh2 Qf1+ 49. Kg3 Be1# 0-1

[Event "Mistrovství Čech mládeže 2023 - HD12"]
[Site "Harrachov, Czech Republic"]
[Date "2023.10.25"]
[Round "6.12"]
[White "Ježek, Jiří"]
[Black "Školoud, Natanael"]
[Result "0-1"]
[TimeControl "90m + 30s"]
[WhiteElo "1392"]
[BlackElo "1193"]

1. d4 Nf6 2. c4 e6 3. Nf3 d5 4. Nc3 Bb4 5. Bg5 O-O 6. e3 Nbd7 7. Qc2 c5 8. Rc1 b6 9. cxd5 exd5 10.
Be2 Qc7 11. O-O Bxc3 12. bxc3 Qc6 13. Rfd1 c4 14. Bf4 Ne4 15. Nd2 Nxd2 16. Rxd2 Nf6 17. Bf3 Re8 18. Be5 Ng4 19. Rcd1 Rd8 20.
h3 Nf6 21. Bxf6 Qxf6 22. e4 Be6 23. exd5 Bxd5 24. Bxd5 Rxd5 25. Re2 Qf5 26. Qxf5 Rxf5 27. Rde1 f6 28. Rd1 Rd5 29. Rb2 Rb8 30.
f3 Kf7 31. Re2 a5 32. Rb1 b5 33. a3 b4 34. Reb2 b3 35. Re1 Rd6 36. Kf2 Re6 37. Re3 Rxe3 38. Kxe3 Ke6 39. Kf2 Kd5 40.
a4 f5 41. Kg3 Re8 42. Kf2 f4 43.
Rb1 Re3 44. Rc1 Rd3 45. Ke2 g5 46. Kf2 Rd2+ 47. Kf1 Rc2 48. Rb1 b2 0-1

[Event "Mistrovství Čech mládeže 2023 - HD12"]
[Site "Harrachov, Czech Republic"]
[Date "2023.10.25"]
[Round "6.13"]
[White "Kreuzman, Daniel"]
[Black "Bukovskij, Dmitri"]
[Result "1/2-1/2"]
[TimeControl "90m + 30s"]
[WhiteElo "1169"]
[BlackElo "1391"]

1. e4 c5 2. Nf3 e6 3.
Nc3 Nc6 4. d4 cxd4 5. Nxd4 Nge7 6. Ndb5 Ng6 7. Nd6+ Bxd6 8. Qxd6 Qe7 9. Qxe7+ Ncxe7 10. Bc4 O-O 11. O-O b6 12. Nb5 Ba6 13.
Bd3 Bxb5 14. Bxb5 d5 15. f3 Rac8 16. Ba4 d4 17. Rd1 e5 18. Bd2 Rfd8 19. c3 a6 20. Bb3 Nc6 21. Bd5 Nge7 22.
Bb3 Na5 23. Kf2 Nc4 24. Bxc4 1/2-1/2

[Event "Mistrovství Čech mládeže 2023 - HD12"]
[Site "Harrachov, Czech Republic"]
[Date "2023.10.25"]
[Round "6.14"]
[White "Vo, Daniel"]
[Black "Remizov, Artem"]
[Result "1-0"]
[TimeControl "90m + 30s"]
[WhiteElo "1341"]
[BlackElo "1259"]

1. e4 e5 2. Nf3 Nc6 3. Bc4 Nf6 4.
d3 Bc5 5. Nc3 d6 6. Bg5 h6 7. Bxf6 Qxf6 8. Nd5 Qd8 9. O-O Bg4 10. h3 Bh5 11. c3 Ne7 12. b4 Bb6 13. Nxb6 axb6 14.
d4 f6 15. Be2 Bg6 16. Bd3 d5 17. exd5 e4 18. Re1 exd3 19. Nh4 Bh7 20. Qh5+ Kf8 21. c4 b5 22. Re6 bxc4 23. d6 cxd6 24.
Rae1 Rxa2 25. Rxe7 Qxe7 26. Rxe7 Kxe7 27. d5 c3 28. Qg4 Re2 29. Qxg7+ Kd8 30. Qxh8+ Re8 31. Qxf6+ Kd7 32. Qxc3 Re4 33. Nf3 Re7 34. b5 b6 35. Qc6+ Kd8 36.
Qxd6+ Rd7 37. Qxb6+ Rc7 38. d6 1-0

[Event "Mistrovství Čech mládeže 2023 - HD12"]
[Site "Harrachov, Czech Republic"]
[Date "2023.10.25"]
[Round "6.15"]
[White "Slonek, Richard"]
[Black "Havlík, David"]
[Result "0-1"]
[TimeControl "90m + 30s"]
[WhiteElo "1128"]
[BlackElo "1331"]

1. e4 e5 2. Nf3 Nc6 3. Bc4 Bc5 4. d3 Nf6 5. c3 d6 6. Nbd2 Be6 7. Bb3 Bxb3 8. Qxb3 Bb6 9. Nf1 Ng4 10.
Be3 Nxe3 11. fxe3 O-O 12. h3 Qf6 13. O-O-O a5 14. Qc2 a4 15. Qf2 a3 16. b3 Ba5 17. Kc2 Ra6 18. g4 Na7 19.
g5 Qe6 20. Ng3 Rc6 21. c4 Rb8 22. h4 b5 23. h5 bxc4 24. dxc4 Rxc4+ 25. Kb1 Rc3 26. Nh4 Rcxb3+ 27.
axb3 Rxb3+ 28. Kc1 Qc4+ 29. Qc2 Rc3 30. Qxc3 Qxc3+ 31. Kb1 Qb2# 0-1

[Event "Mistrovství Čech mládeže 2023 - HD12"]
[Site "Harrachov, Czech Republic"]
[Date "2023.10.25"]
[Round "6.16"]
[White "Vlček, Vítězslav"]
[Black "Kůsová, Nikola"]
[Result "1/2-1/2"]
[TimeControl "90m + 30s"]
[WhiteElo "1120"]
[BlackElo "1324"]

1. d4 d5 2. c4 e6 3. Nc3 c5 4. Nf3 Nc6 5. e3 Nf6 6. Bd3 a6 7. O-O dxc4 8. Bxc4 b5 9. Be2 Bb7 10.
a3 Be7 11. dxc5 Bxc5 12. b4 Be7 13. Bb2 O-O 14. Rc1 Rc8 15. h3 Qxd1 16. Rfxd1 Rfd8 17. Kf1 Kf8 18. Ke1 Ke8 19. Rxd8+ Rxd8 20. Rd1 h6 21. Rxd8+ Kxd8 22.
Kd2 Kd7 23. Kd3 Kd6 24. e4 1/2-1/2

[Event "Mistrovství Čech mládeže 2023 - HD12"]
[Site "Harrachov, Czech Republic"]
[Date "2023.10.25"]
[Round "6.17"]
[White "Šára, David"]
[Black "Sehnoutka, Vít"]
[Result "1-0"]
[TimeControl "90m + 30s"]
[WhiteElo "1320"]
[BlackElo "1041"]

1. e4 c5 2. d4 cxd4 3. c3 d3 4. Bxd3 d6 5. Nf3 Bg4 6. Bc4 e5 7. Qd5 Be6 8. Qxb7 Nd7 9. Bd3 Ngf6 10. Be3 d5 11. Ng5 dxe4 12. Nxe6 fxe6 13. Bxe4 Rb8 14.
Qc6 Rc8 15. Qxe6+ Be7 16. Bc2 Nc5 17. Qxe5 O-O 18. O-O Ng4 19. Qh5 Nf6 20. Qh3 Qd5 21. b4 Ne6 22. Bb3 1-0

[Event "Mistrovství Čech mládeže 2023 - HD12"]
[Site "Harrachov, Czech Republic"]
[Date "2023.10.25"]
[Round "6.22"]
[White "Ličková, Anna"]
[Black "Vrátný, Vojtěch"]
[Result "1-0"]
[TimeControl "90m + 30s"]
[WhiteElo "1366"]
[BlackElo "1210"]

1. e4 Nf6 2. e5 Nd5 3. d4 d6 4. c4 Nb6 5. exd6 cxd6 6. Nf3 g6 7. Be2 Bg7 8. O-O O-O 9. b3 Bg4 10.
Bb2 Nc6 11. Nbd2 a5 12. h3 Bxf3 13.
Nxf3 a4 14. Qd2 axb3 15. axb3 Qb8 16. Rfe1 Re8 17. Bf1 e5 18. Rxa8 Nxa8 19. dxe5 dxe5 20. c5 Nc7 21. Bc3 Ne6 22.
b4 Rd8 23. Qb2 Ned4 24. Bxd4 Nxd4 25. Nxd4 exd4 26. Bd3 b6 27. c6 Qc7 28. b5 Qf4 29. Re4 Qd6 30. Qc2 Qc5 31. Qxc5 bxc5 32.
c7 1-0

[Event "Mistrovství Čech mládeže 2023 - HD12"]
[Site "Harrachov, Czech Republic"]
[Date "2023.10.26"]
[Round "7.1"]
[White "Zrůst, Lukáš"]
[Black "Artamonov, Mikhail"]
[Result "0-1"]
[TimeControl "90m + 30s"]
[WhiteElo "1685"]
[BlackElo "1458"]

1. e4 c5 2. Nf3 Nc6 3. d4 cxd4 4. Nxd4 e6 5. Nc3 Nge7 6. Be3 Nxd4 7. Bxd4 Nc6 8. Be3 Bb4 9. a3 Ba5 10.
Bc5 Bxc3+ 11. bxc3 Qa5 12. Bb4 Qe5 13. Qd3 d5 14. f3 a5 15. f4 Qxf4 16. exd5 axb4 17. dxc6 bxc6 18. a4 Qe5+ 19.
Be2 Ba6 20. Qf3 Bxe2 21. Qxe2 Qxc3+ 22. Kf2 Ra5 23. Rhd1 O-O 24. Kg1 Rfa8 25. Qe4 Re5 26. Qh4 g5 27. Qf2 Rf5 28. Qe2 Qc5+ 29.
Kh1 Rf2 30. Qg4 Rxc2 31. h4 Rc4 32. Qxg5+ Qxg5 33. hxg5 Ra5 34. Rdb1 Rg4 35. Kg1 Rf4 36. g3 Re4 37. Kf2 c5 38.
Rb3 Rd4 39. Ke2 Rd8 40. Rc1 Rd5 41. Ra1 Rxg5 42. Kd2 Rd5+ 43. Ke3 h5 44. Kf3 Kf8 45. Ke4 Ke7 46. Ra2 Rd7 47. Rb1 Rda7 48.
Rc2 Kd6 49. Rd1+ Kc6 50. Rh1 Rxa4 51. Kd3 Ra3+ 52. Ke4 Rxg3 53. Rxh5 f5+ 54. Ke5 b3 55. Rd2 Re3+ 56. Kf4 Re4+ 57.
Kf3 Ra2 58. Rd1 b2 59. Rb1 Rb4 60.
Rh2 Ra3+ 0-1

[Event "Mistrovství Čech mládeže 2023 - HD12"]
[Site "Harrachov, Czech Republic"]
[Date "2023.10.26"]
[Round "7.2"]
[White "Lutskiy, Mikhail"]
[Black "Málek, Daniel"]
[Result "0-1"]
[TimeControl "90m + 30s"]
[WhiteElo "1353"]
[BlackElo "1404"]

1. e4 e5 2. Nf3 Nc6 3. Bc4 Bc5 4.
c3 Nf6 5. d3 d6 6. O-O Bg4 7. Nbd2 O-O 8. b4 Bb6 9. a4 a5 10. b5 Ne7 11. Ba3 Rc8 12. h3 Bh5 13. Re1 c6 14.
bxc6 Rxc6 15. Nf1 Bg6 16. Ng3 Qc7 17. Bb5 Rxc3 18. Bc4 Bxf2+ 19. Kxf2 Rxa3 20. Rc1 Qb6+ 21. Kf1 d5 22. exd5 Nexd5 23. Bxd5 Nxd5 24. d4 Ne3+ 25. Rxe3 Rxe3 26. Nxe5 Qf6+ 27. Nf3 Rd8 28. Kf2 Rd3 29. Qe2 h6 30. Nh5 Rxf3+ 31. Qxf3 Qxf3+ 32. Kxf3 Bxh5+ 33. Ke3 Re8+ 34. Kd3 Be2+ 35. Kd2 b5 36. Rc5 bxa4 37. Rxa5 Bf1 38. Rxa4 Bxg2 39. Ra3 Re4 40. Kd3 Rh4 41.
Ra2 Rxh3+ 42. Kc4 Be4 43. Ra5 Kh7 44. d5 Rh5 45. Kd4 Rxd5+ 46. Rxd5 Bxd5 47. Kxd5 Kg6 48. Ke4 Kg5 49. Kf3 Kf5 50.
Kg3 g5 51. Kf3 h5 52. Kg3 Ke4 53. Kh3 f5 54. Kg3 Ke3 55. Kg2 Ke2 56. Kg1 f4 57. Kg2 f3 58. Kh2 f2 59. Kg3 f1=Q 60.
Kh2 Qf4 61. Kg1 Qg4+ 62. Kh2 Kf2 63. Kh1 Qg1+ 0-1

[Event "Mistrovství Čech mládeže 2023 - HD12"]
[Site "Harrachov, Czech Republic"]
[Date "2023.10.26"]
[Round "7.3"]
[White "Honcharov, Makar"]
[Black "Zika, Miroslav"]
[Result "1-0"]
[TimeControl "90m + 30s"]
[WhiteElo "1872"]
[BlackElo "1199"]

1. e4 c5 2. Nf3 Nc6 3. d4 cxd4 4. Nxd4 Nf6 5. Nc3 g6 6. Be3 Bg7 7. Bc4 O-O 8. Bb3 d6 9. f3 Bd7 10.
Qd2 a6 11. g4 Qc8 12. h4 Nxg4 13. fxg4 Bxg4 14. Nd5 Qd8 15. Rg1 Bh5 16. c3 e5 17. Bg5 Qa5 18. Ne2 Kh8 19. Bf6 Qc5 20.
Qh6 Rg8 21. Bxg7+ Rxg7 22. Nf6 Bf3 23. h5 Ne7 24. Rg3 Bxe2 25. Kxe2 Ng8 26. Nxg8 Raxg8 27. Rag1 Qc6 28. Ke3 Qc5+ 29.
Kf3 Qb5 30. hxg6 Qd3+ 31. Kf2 Qxe4 32. gxf7 Qf5+ 33. Rf3 1-0

[Event "Mistrovství Čech mládeže 2023 - HD12"]
[Site "Harrachov, Czech Republic"]
[Date "2023.10.26"]
[Round "7.4"]
[White "Rendl, Luboš"]
[Black "Janoušková, Eliška"]
[Result "0-1"]
[TimeControl "90m + 30s"]
[WhiteElo "1420"]
[BlackElo "1385"]

1. e4 c5 2. Nf3 e6 3. d4 cxd4 4. Nxd4 Nf6 5. Nc3 d6 6. g4 h6 7. Bg2 Be7 8. Be3 a6 9. f4 Qc7 10.
Qf3 Nc6 11. h4 Bd7 12. Kf2 O-O-O 13. Nce2 g6 14. b4 Nxd4 15. Bxd4 e5 16. Bb2 Nxg4+ 17. Kg3 f5 18. c4 g5 19.
exf5 Bxf5 20. Bh3 gxf4+ 21. Nxf4 exf4+ 22. Qxf4 Rhf8 23. Bxg4 Bxg4 24. Qxg4+ Kb8 25. Kh3 Rg8 26. Qe6 Qc6 27.
Qd5 Qd7+ 28. Kh2 Qg4 29. Bf6 Qg3# 0-1

[Event "Mistrovství Čech mládeže 2023 - HD12"]
[Site "Harrachov, Czech Republic"]
[Date "2023.10.26"]
[Round "7.5"]
[White "Trejbal, Jindřich"]
[Black "Gernert, Tomáš"]
[Result "1/2-1/2"]
[TimeControl "90m + 30s"]
[WhiteElo "1329"]
[BlackElo "1389"]

1. d4 f5 2. c4 Nf6 3. Nc3 e6 4. g3 d5 5. cxd5 exd5 6. Bg2 c6 7. Bg5 Nbd7 8. Bxf6 Nxf6 9. e3 Bb4 10.
Nge2 Ne4 11. O-O O-O 12.
Qc2 Rf6 13. Nxe4 fxe4 14. h3 Rh6 15. Kh2 Bd6 16. f4 exf3 17. Rxf3 Qh4 18. Nf4 Bxf4 19. Rxf4 Qh5 20. Rh4 Qg5 21.
Rxh6 Qxh6 22. e4 dxe4 23. Qxe4 Qe6 24. d5 Qxe4 25. Bxe4 c5 26. Rc1 b6 27. d6 Rb8 28. Rf1 Be6 29.
Bc6 Rd8 30. d7 g5 31. g4 a6 32. a4 Kg7 33. Kg3 h6 34. Rf3 Kg6 1/2-1/2

[Event "Mistrovství Čech mládeže 2023 - HD12"]
[Site "Harrachov, Czech Republic"]
[Date "2023.10.26"]
[Round "7.6"]
[White "Frantsev, Iegor"]
[Black "Černý, Rodan"]
[Result "1/2-1/2"]
[TimeControl "90m + 30s"]
[WhiteElo "1397"]
[BlackElo "1383"]

1. d4 Nf6 2. Bg5 g6 3. Bxf6 exf6 4. c3 Bg7 5. e3 O-O 6. Bd3 f5 7. Nf3 d6 8. Nbd2 Re8 9. O-O Nd7 10.
Re1 Nf6 11. Qc2 c6 12. e4 fxe4 13. Nxe4 Nxe4 14. Bxe4 Bd7 15. Rad1 Qc7 16. h3 d5 17. Bd3 Qf4 18. Qd2 Qxd2 19. Nxd2 Kf8 20. Nb3 b6 21. Kf1 a5 22.
a3 Rec8 23. Bc2 Be6 24. f3 c5 25. a4 Bd7 26. dxc5 bxc5 27. Rxd5 Bxa4 28. Ra1 Bxb3 29. Bxb3 1/2-1/2

[Event "Mistrovství Čech mládeže 2023 - HD12"]
[Site "Harrachov, Czech Republic"]
[Date "2023.10.26"]
[Round "7.7"]
[White "Školoud, Natanael"]
[Black "Kolář, Edvard"]
[Result "1/2-1/2"]
[TimeControl "90m + 30s"]
[WhiteElo "1193"]
[BlackElo "1473"]

1. e4 c5 2. Nf3 Nc6 3. c3 d5 4. exd5 Qxd5 5. d4 Bf5 6. Be2 cxd4 7. cxd4 Bxb1 8. Rxb1 e6 9. a3 Nf6 10.
O-O Be7 11. Be3 O-O 12. Rc1 Kh8 13. Qd3 Rad8 14. Rfd1 Ne4 15. Qc4 Qd6 16. Bd3 Nf6 17. Bb1 Nd5 18. Qd3 f5 19. Rd2 Rg8 20. Bg5 Bxg5 21. Nxg5 Qe7 22. Nf3 g5 23. Re1 Rg7 24. Ba2 Qd6 25.
Red1 Rdg8 26. Re1 g4 27. Ne5 f4 28. Bb1 Qe7 29. g3 Nxe5 30. dxe5 Qg5 31. Qf1 Rf8 32. Rd4 fxg3 33. hxg3 Qh6 34. Qg2 Rf3 35. Rxg4 Rgf7 36. Rh4 Qd2 37.
Rf1 Ne3 38. Qh2 Rxg3+ 39. Qxg3 Nxf1 40. Kxf1 Qd1+ 41. Kg2 Qxb1 42. Rg4 Rf8 43. b4 1/2-1/2

[Event "Mistrovství Čech mládeže 2023 - HD12"]
[Site "Harrachov, Czech Republic"]
[Date "2023.10.26"]
[Round "7.8"]
[White "Zischka, Vít"]
[Black "Kubát, Jonáš"]
[Result "1-0"]
[TimeControl "90m + 30s"]
[WhiteElo "1274"]
[BlackElo "1423"]

1. e4 c6 2. d4 d5 3. e5 c5 4. c3 Nc6 5. Be2 Qb6 6. Nf3 Bg4 7. Nbd2 e6 8. O-O Nh6 9. h3 Bxf3 10. Nxf3 Nf5 11. Bd3 Nfe7 12.
dxc5 Qxc5 13. Be3 Qa5 14. b4 Qc7 15. Qa4 b6 16. Nd4 Kd8 17. Nxc6+ Nxc6 18. f4 Be7 19. Bb5 Kd7 20. c4 a6 21.
cxd5 axb5 22. dxc6+ Qxc6 23. Rfd1+ Kc7 24. Qb3 Kb7 25. Rac1 Qe8 26. Qd3 Rd8 27. Qe4+ Kb8 28. Rxd8+ Qxd8 29.
Qc6 Bxb4 30. Bxb6 1-0

[Event "Mistrovství Čech mládeže 2023 - HD12"]
[Site "Harrachov, Czech Republic"]
[Date "2023.10.26"]
[Round "7.9"]
[White "Fadrný, Jáchym"]
[Black "Štěpánková, Linda"]
[Result "0-1"]
[TimeControl "90m + 30s"]
[WhiteElo "1365"]
[BlackElo "1281"]

1. e4 d5 2. exd5 Qxd5 3. Nc3 Qd6 4. d4 Nf6 5. Nf3 Bg4 6. h3 Bh5 7. g4 Bg6 8. Ne5 e6 9. Bf4 Qb4 10.
Nxg6 hxg6 11. Qd2 Bd6 12. Bxd6 Qxd6 13. Bg2 c6 14. Na4 Nbd7 15. O-O-O O-O-O 16. Rhe1 Qh2 17. Bf1 Nd5 18. Qe2 Rhe8 19. Qf3 Qf4+ 20. Qxf4 Nxf4 21.
Re4 g5 22. h4 Nf6 23. Re3 gxh4 24. Rf3 g5 25. Nc3 Kc7 26. Ne2 N6d5 27. Ng1 Rd7 28. c4 Nb6 29. Nh3 Nxh3 30. Rxh3 Red8 31.
Rf3 c5 32. Bg2 cxd4 33. Rb3 Kb8 34. c5 Rc7 35. c6 bxc6 36. a4 Kc8 37. a5 Nc4 38. a6 e5 39. Re1 f6 40. Rf3 Rd6 41.
Kc2 Nb6 42. Rb3 Nd5 43. Bxd5 cxd5+ 44. Kd2 Rxa6 45. f4 gxf4 46. g5 fxg5 47. Rxe5 Rg6 48. Ke2 g4 0-1

[Event "Mistrovství Čech mládeže 2023 - HD12"]
[Site "Harrachov, Czech Republic"]
[Date "2023.10.26"]
[Round "7.10"]
[White "Hokr, Matyáš"]
[Black "Šára, David"]
[Result "0-1"]
[TimeControl "90m + 30s"]
[WhiteElo "1352"]
[BlackElo "1320"]

1. e4 e5 2. Nf3 Nf6 3. Nc3 Nc6 4. d4 exd4 5. Nxd4 Bc5 6. Nxc6 bxc6 7. Bc4 O-O 8. O-O h6 9. Kh1 Nh7 10.
f4 Qh4 11. Bd2 Bb7 12. Be1 Qf6 13. Qxd7 Bb6 14. Qg4 Qd4 15. Bb3 Nf6 16. Qd1 Qc5 17. Na4 Qb5 18. c4 Qa6 19. Nxb6 Qxb6 20.
Bf2 c5 21. e5 Ne4 22. Qc2 Rfd8 23. Rad1 Qg6 24. Qb1 Rxd1 25. Bxd1 Nxf2+ 0-1

[Event "Mistrovství Čech mládeže 2023 - HD12"]
[Site "Harrachov, Czech Republic"]
[Date "2023.10.26"]
[Round "7.11"]
[White "Mrázik, Marek"]
[Black "Vo, Daniel"]
[Result "1-0"]
[TimeControl "90m + 30s"]
[WhiteElo "1159"]
[BlackElo "1341"]

1. c4 e5 2. Nc3 Nf6 3. g3 Nc6 4. Bg2 Bc5 5. e3 O-O 6. Nge2 d6 7. O-O Be6 8. d4 exd4 9. exd4 Bb6 10.
d5 Ne5 11. dxe6 fxe6 12. b3 Nfg4 13. Nd4 Qf6 14. Ne4 Qe7 15. Kh1 Nf6 16. f4 Nc6 17.
Nxc6 bxc6 18. Bb2 Nxe4 19. Bxe4 d5 20. Bd3 d4 21. Qf3 c5 22. Rae1 Rae8 23. Re4 Qd7 24. Re5 Qf7 25. Qe4 g6 26.
Re1 Ba5 27. Re2 Bc3 28. Ba3 Bb4 29. Bxb4 cxb4 30. Rxe6 Rxe6 31. Qxe6 Qxe6 32. Rxe6 c5 33. Re5 Rc8 34. Kg2 Kf7 35.
Kf3 a5 36. Ke4 a4 37. bxa4 Ra8 38. Bc2 Ra5 39. Rd5 1-0

[Event "Mistrovství Čech mládeže 2023 - HD12"]
[Site "Harrachov, Czech Republic"]
[Date "2023.10.26"]
[Round "7.12"]
[White "Havlík, David"]
[Black "Štor, Jakub"]
[Result "1-0"]
[TimeControl "90m + 30s"]
[WhiteElo "1331"]
[BlackElo "1275"]

1. e4 e5 2. Nf3 Nc6 3. Bb5 a6 4. Ba4 b5 5. Bb3 Nf6 6. O-O Be7 7. Re1 O-O 8. c3 d6 9. h3 Na5 10.
Bc2 c5 11. d3 Nc6 12. Nbd2 Be6 13. Nf1 Qc7 14. Ne3 d5 15. exd5 Nxd5 16. Nxd5 Bxd5 17. a4 b4 18. c4 Be6 19.
Qe2 Bd6 20. Be3 a5 21. Ng5 Rae8 22. d4 Bf5 23. Bxf5 g6 24. d5 Nd4 25. Bxd4 gxf5 26. Qh5 Kg7 27. Be3 f4 28. Bd2 h6 29.
Nf3 Rg8 30. Nh4 e4 31. Nf5+ Kf6 32. Nxd6 Qxd6 33. Qxh6+ Rg6 34. Qxf4+ Ke7 35. Qxe4+ Kd7 36. Qxe8+ Kc7 37. Qe7+ 1-0

[Event "Mistrovství Čech mládeže 2023 - HD12"]
[Site "Harrachov, Czech Republic"]
[Date "2023.10.26"]
[Round "7.14"]
[White "Koupil, Štěpán"]
[Black "Kreuzman, Daniel"]
[Result "1-0"]
[TimeControl "90m + 30s"]
[WhiteElo "1467"]
[BlackElo "1169"]

1. e4 c5 2. Nf3 Nc6 3. d4 cxd4 4. Nxd4 g6 5. Be3 Bg7 6. Nc3 Nf6 7. Be2 O-O 8. O-O d5 9. exd5 Nxd5 10.
Nxd5 Qxd5 11. Bf3 Qd6 12. Nxc6 Qxd1 13. Nxe7+ Kh8 14. Raxd1 Be6 15. b3 Rfe8 16. Nd5 Rac8 17. c4 b6 18. Nf4 Bf5 19. Bd4 Rcd8 20. Bxg7+ Kxg7 21.
Rxd8 Rxd8 22. Rd1 Re8 23. Kf1 Bc2 24. Rd2 Bf5 25. Re2 Bd3 26. Nxd3 1-0

[Event "Mistrovství Čech mládeže 2023 - HD12"]
[Site "Harrachov, Czech Republic"]
[Date "2023.10.26"]
[Round "7.16"]
[White "Křivka, Lukáš"]
[Black "Vlček, Vítězslav"]
[Result "1/2-1/2"]
[TimeControl "90m + 30s"]
[WhiteElo "1386"]
[BlackElo "1120"]

1. d4 d5 2. Nc3 Nf6 3. Bf4 a6 4. e3 Bf5 5. Bd3 Bxd3 6. cxd3 e6 7. Nf3 Bd6 8. Bxd6 cxd6 9. O-O O-O 10.
Re1 Nc6 11. Qb3 Qd7 12. Na4 Na5 13. Qb4 Nc6 14. Qd2 Qd8 15. Rac1 Rc8 16. Rc2 1/2-1/2